 Dungeon Crawl Stone Soup version 0.30-a0-859-gf88a04b62d (webtiles) character file.

Game seed: 17740362921720370929

30 qeuew the Cutter (level 3, -10/24 HPs)
             Began as a Demonspawn Wanderer on Mar 6, 2023.
             Killed by divine providence
             ... invoked by an orc priest
              (13 damage)
             ... on level 2 of the Dungeon.
             The game lasted 00:02:08 (892 turns).

qeuew the Cutter (Demonspawn Wanderer)               Turns: 892, Time: 00:02:08

Health: -10/24     AC:  9    Str: 12 (13) XL:     3   Next: 5%
Magic:  3/3        EV: 10    Int: 10 (11) God:
Gold:   38         SH:  0    Dex: 13 (15) Spells: 2/2 levels left

rFire   . . .      SeeInvis .    a - +2 short sword
rCold   . . .      Faith    .    (no shield)
rNeg    . . .      Spirit   .    i - +1 ring mail
rPois   .          Reflect  .    k - +2 helmet
rElec   .          Rampage  .    (no cloak)
rCorr   .                        (no gloves)
Will    .....                    (no boots)
Stlth   +                        (no amulet)
HPRegen 0.24/turn                (no ring)
MPRegen 0.08/turn                (no ring)

@: no status effects
A: demonic magic 1
a: no special abilities


You were on level 2 of the Dungeon.
You visited 1 branch of the dungeon, and saw 2 of its levels.

You collected 38 gold pieces.

Inventory:

Hand Weapons
 a - a +2 short sword (weapon)
Missiles
 c - 15 poisoned darts (quivered)
Armour
 i - a +1 ring mail (worn)
 k - a +2 helmet (worn)
Scrolls
 g - a scroll of identify
Potions
 h - a potion of might


   Skills:
 + Level 2.9 Short Blades
 - Level 1.0 Maces & Flails
 + Level 2.9 Throwing
 + Level 1.3 Armour
 + Level 1.3 Dodging
 + Level 0.9 Stealth
 + Level 1.3 Evocations


You had 2 spell levels left.
You didn't know any spells.
Your spell library contained the following spells:

 Spells                   Type           Power      Damage    Failure   Level
 Necrotise                Necr           0%         1d4       63%         1
 Vampiric Draining        Necr           0%         2d6       94%         3
 Agony                    Necr           0%         N/A       100%        5


Dungeon Overview and Level Annotations

Branches:
Dungeon (2/15)

Altars:


Innate Abilities, Weirdness & Mutations

Spells you cast may paralyse adjacent enemies.


Message History

You hit the orc priest.
The orc priest is heavily wounded.
The orc hits you with a +0 club. The orc hits you with a +0 mace.
The orc priest barely misses you. The kobold barely misses you.
You hit the orc priest.
The orc priest is heavily wounded.
The orc hits you with a +0 club.
* * * LOW HITPOINT WARNING * * *
The orc priest hits you but does no damage.
The orc barely misses you. The kobold closely misses you.
You closely miss the orc priest.
The orc priest is heavily wounded.
The quokka twitches its whiskers.
Unknown command.
Okay, then.
You hit the orc priest.
The orc priest is severely wounded.
The kobold hits you with a +0 whip.
* * * LOW HITPOINT WARNING * * *
The orc closely misses you. The orc barely misses you.
The orc priest hits you but does no damage.
The orc closely misses you.
You barely miss the orc priest.
The orc priest is severely wounded.
The orc barely misses you. x2; The orc hits you with a +0 mace.
* * * LOW HITPOINT WARNING * * *
The kobold barely misses you. The orc priest closely misses you.
You completely miss the orc priest.
The orc priest is severely wounded.
The orc priest hits you but does no damage.
The orc hits you but does no damage. x3; The kobold barely misses you.
Unknown command.
You hit the orc priest.
The orc priest is severely wounded.
The orc hits you but does no damage. The orc hits you with a +0 dagger.
* * * LOW HITPOINT WARNING * * *
The orc priest mumbles some strange prayers to Beogh against you.
Beogh smites you!
Ouch! That really hurt!
You die...

.#####..#.....##..
............>....
.
.####...####..###
♣# .## #...[.....#
~.> $. #........##
~[.. #. #.######.#
##...#.##.....# ..
#......o....#.# #
......o@.#....#
#.....oKo.....#
.......r#....##
...............
#........##.#.##
.........# .#.#
.##...#..# .
........ .


You could see an orc priest, 3 orcs, a quokka and a kobold.

Vanquished Creatures
  5 ball pythons (D:1)
  An endoplasm (D:1)
  2 giant cockroaches (D:1)
  3 goblins
  3 jackals (D:2)
  2 bats (D:1)
  4 frilled lizards (D:1)
  4 kobolds
  5 rats (D:1)
29 creatures vanquished.

Vanquished Creatures (others)
  A plant (D:2)
1 creature vanquished.

Grand Total: 30 creatures vanquished

Notes
Turn   | Place    | Note
-------+----------+-------------------------------------------
     0 | D:1      | qeuew the Demonspawn Wanderer began the quest for the Orb.
     0 | D:1      | qeuew set off with the following items: a +2 short sword, a
                  | +0 mace, 15 poisoned darts, a +0 dagger, a potion of
                  | brilliance, a +0 leather armour.
     0 | D:1      | Reached XP level 1. HP: 13/13 MP: 1/1
   254 | D:1      | Gained mutation: Spells you cast may paralyse adjacent
                  | enemies. [demonic ancestry]
   254 | D:1      | Reached XP level 2. HP: 19/19 MP: 2/2
   856 | D:2      | Reached XP level 3. HP: 22/24 MP: 3/3
   892 | D:2      | Killed from afar by an orc priest

Illustrated notes

Levels and vault maps discovered:
D:1:      scummos_arrival_forest, layout_basic
D:2:      layout_loops_cross, basic_altar, serial_bayou, serial_bayou_crossing,
          serial_bayou_shore_b, serial_bayou_pond_c, serial_bayou_pond_c,
          serial_bayou_shore_a, serial_bayou_lake_a

Action                     || total
---------------------------++-------
  Melee: Short sword       ||   103
    Use: Scroll            ||     4
         Potion            ||     3
 Armour: Leather armour    ||    11
         Ring mail         ||    34
  Dodge: Dodged            ||    63

Table legend: (Time is in decaauts)
 A = Elapsed time spent in this place.
 B = Non-inter-level travel time spent in this place.
 C = Inter-level travel time spent in this place.
 D = Time resting spent in this place.
 E = Time spent auto-exploring this place.
 F = Levels seen in this place.
 G = Mean time per level.
                   A        B        C        D        E       F      G
               +--------+--------+--------+--------+--------+-----+--------+
         Total |    878 |    859 |     19 |     23 |    618 |   2 |  439.0 |
       Dungeon |    878 |    859 |     19 |     23 |    618 |   2 |  439.0 |
               +--------+--------+--------+--------+--------+-----+--------+

Top non-repeatable levels by time:
     D:1: 818 daAuts
     D:2: 59 daAuts
